[ AOE2 MATCH · #499463109 ]
UnrankedJurchens vs Spanish
[ REPLAY ANALYSIS · EXTRACTED FROM THE RECORDED GAME ]
Feudal
10:24
Castle
16:49
Imperial
36:22
| APM avg | 20.2 |
| APM peak | 65 |
| eAPM avg | 14.9 |
| Villagers / military | 76 / 105 |
Focus
⚔️ 31.4% · 🌾 68.6%
Skirmisher ×73 · Unknown (1908) ×35 · Unknown (1911) ×14 · Iron Pagoda ×13 · Steppe Lancer ×12 · Spearman ×7
Feudal
8:39
Castle
35:31
Imperial
—
| APM avg | 47.6 |
| APM peak | 108 |
| eAPM avg | 25.6 |
| Villagers / military | 92 / 117 |
Focus
⚔️ 20.0% · 🌾 80.0%
Skirmisher ×59 · Archer ×57 · Spearman ×1
Feudal
10:29
Castle
17:01
Imperial
31:42
| APM avg | 14.6 |
| APM peak | 27 |
| eAPM avg | 9.1 |
| Villagers / military | 89 / 48 |
Focus
⚔️ 23.5% · 🌾 76.5%
Conquistador ×32 · Trade Cart ×18 · Missionary ×10 · Bombard Cannon ×6
Feudal
9:26
Castle
19:37
Imperial
40:10
| APM avg | 19.7 |
| APM peak | 50 |
| eAPM avg | 14.2 |
| Villagers / military | 91 / 200 |
Focus
⚔️ 46.5% · 🌾 53.5%
Skirmisher ×102 · Archer ×63 · Samurai ×33 · Trebuchet (Packed) ×2
Feudal
9:05
Castle
16:59
Imperial
35:17
| APM avg | 21.0 |
| APM peak | 46 |
| eAPM avg | 11.5 |
| Villagers / military | 89 / 125 |
Focus
⚔️ 36.5% · 🌾 63.5%
Archer ×63 · Fire Lancer ×45 · Spearman ×10 · Bombard Cannon ×4 · Battering Ram ×3
Feudal
8:15
Castle
14:00
Imperial
37:43
| APM avg | 20.8 |
| APM peak | 52 |
| eAPM avg | 9.8 |
| Villagers / military | 59 / 77 |
Focus
⚔️ 38.3% · 🌾 61.7%
Skirmisher ×34 · Chu Ko Nu ×30 · Spearman ×13
Feudal
10:21
Castle
25:23
Imperial
37:23
| APM avg | 23.8 |
| APM peak | 51 |
| eAPM avg | 14.1 |
| Villagers / military | 114 / 194 |
Focus
⚔️ 36.4% · 🌾 63.6%
Militia ×187 · Trade Cart ×8 · Trebuchet (Packed) ×5 · Monk ×1 · Spearman ×1
Feudal
7:51
Castle
20:23
Imperial
31:33
| APM avg | 31.3 |
| APM peak | 70 |
| eAPM avg | 12.0 |
| Villagers / military | 123 / 145 |
Focus
⚔️ 39.7% · 🌾 60.3%
Camel Scout ×59 · Spearman ×35 · Archer ×24 · Skirmisher ×20 · Trebuchet (Packed) ×7
Match map
Initial resources + every placement click. Lines = walls · curves = elevation contours. ◆ gold · ⬟ stone · ● berries · ✦ relic · ◌ wall gap
Your base· Open — unwalled flank
CDLP_Themachine's base· ✓ Closed at 35:31 · 77t walls · 3 gate(s)
Brawling Toaster's base· Open — unwalled flank
Avipt's base· ✓ Closed at 19:37 · 47t walls · 1 gate(s)
TitaN's base· Open — unwalled flank
Shusai's base· Open — unwalled flank
Zé Gui's base· Open — 6t gap
Zain's base· Open — 5t gap
Smoothed initial terrain · ◌ = detected wall gap · hover for details
Inputs per minute
— Maximus - - CDLP_Themachine
Build order — Maximus
First 150 of 354 actions detected
| 0:07 | Research | Loom |
| 0:16 | Build | House |
| 0:29 | Build | House |
| 0:42 | Queue | Villager (Male) |
| 0:42 | Queue | Villager (Male) |
| 0:42 | Queue | Villager (Male) |
| 1:01 | Build | Mill |
| 1:15 | Build | Palisade Wall |
| 1:53 | Build | Palisade Wall |
| 1:54 | Queue | Villager (Male) |
| 1:55 | Queue | Villager (Male) |
| 1:55 | Queue | Villager (Male) |
| 1:55 | Queue | Villager (Male) |
| 2:41 | Queue | Villager (Male) |
| 2:41 | Queue | Villager (Male) |
| 2:55 | Queue | Villager (Male) |
| 2:55 | Queue | Villager (Male) |
| 2:56 | Queue | Villager (Male) |
| 3:11 | Build | House |
| 3:16 | Build | House |
| 3:25 | Queue | Villager (Male) |
| 3:25 | Queue | Villager (Male) |
| 4:41 | Build | Lumber Camp |
| 4:54 | Queue | Villager (Male) |
| 4:54 | Queue | Villager (Male) |
| 4:54 | Queue | Villager (Male) |
| 5:38 | Queue | Villager (Male) |
| 5:45 | Queue | Villager (Male) |
| 5:46 | Queue | Villager (Male) |
| 5:46 | Queue | Villager (Male) |
| 5:47 | Queue | Villager (Male) |
| 5:47 | Queue | Villager (Male) |
| 7:40 | Build | Mining Camp |
| 8:04 | Research | Feudal Age |
| 8:21 | Build | House |
| 8:26 | Build | House |
| 8:30 | Build | House |
| 8:39 | Build | Palisade Gate |
| 9:15 | Build | Farm |
| 9:16 | Build | Farm |
| 9:22 | Queue | Villager (Male) |
| 9:22 | Queue | Villager (Male) |
| 9:23 | Queue | Villager (Male) |
| 10:24 | Age | Feudal Age |
| 10:34 | Research | Double-Bit Axe |
| 10:37 | Queue | Villager (Male) |
| 10:47 | Build | Market |
| 11:21 | Build | Blacksmith |
| 11:37 | Build | Farm |
| 11:39 | Build | Farm |
| 11:45 | Queue | Villager (Male) |
| 11:45 | Queue | Villager (Male) |
| 11:47 | Queue | Villager (Male) |
| 11:47 | Queue | Villager (Male) |
| 11:48 | Queue | Villager (Male) |
| 12:23 | Build | Farm |
| 12:44 | Build | Mining Camp |
| 13:02 | Research | Gold Mining |
| 13:11 | Queue | Trade Cart |
| 14:03 | Research | Castle Age |
| 14:03 | Research | Castle Age |
| 14:25 | Build | Barracks |
| 14:52 | Build | Farm |
| 14:53 | Build | Farm |
| 15:30 | Research | Stone Mining |
| 15:35 | Queue | Trade Cart |
| 15:36 | Queue | Trade Cart |
| 15:37 | Queue | Trade Cart |
| 16:19 | Build | Archery Range |
| 16:26 | Queue | Spearman |
| 16:27 | Queue | Spearman |
| 16:27 | Queue | Spearman |
| 16:27 | Queue | Spearman |
| 16:29 | Queue | Spearman |
| 16:29 | Queue | Spearman |
| 16:29 | Queue | Spearman |
| 16:42 | Build | House |
| 16:43 | Build | House |
| 16:44 | Build | House |
| 16:45 | Build | House |
| 16:46 | Build | House |
| 16:47 | Build | House |
| 16:49 | Age | Castle Age |
| 16:51 | Build | House |
| 16:51 | Build | House |
| 16:52 | Build | House |
| 16:58 | Queue | Villager (Male) |
| 17:00 | Queue | Villager (Male) |
| 17:01 | Queue | Villager (Male) |
| 17:50 | Queue | Unit 1911 |
| 17:50 | Queue | Unit 1911 |
| 17:50 | Queue | Unit 1911 |
| 17:51 | Queue | Unit 1911 |
| 18:28 | Build | Town Center |
| 18:44 | Build | Town Center |
| 18:55 | Queue | Unit 1911 |
| 18:56 | Queue | Unit 1911 |
| 18:57 | Queue | Unit 1911 |
| 18:57 | Queue | Unit 1911 |
| 19:50 | Queue | Villager (Male) |
| 19:51 | Queue | Villager (Male) |
| 19:56 | Queue | Villager (Male) |
| 19:56 | Queue | Villager (Male) |
| 20:42 | Research | Caravan |
| 21:01 | Queue | Villager (Male) |
| 21:01 | Queue | Villager (Male) |
| 21:01 | Queue | Villager (Male) |
| 21:01 | Queue | Villager (Male) |
| 21:25 | Research | Bow Saw |
| 23:02 | Research | Wheelbarrow |
| 23:05 | Queue | Villager (Male) |
| 23:15 | Build | Castle |
| 23:26 | Build | Farm |
| 23:28 | Build | Farm |
| 23:29 | Build | Farm |
| 23:35 | Build | Farm |
| 23:40 | Build | Farm |
| 23:47 | Build | Farm |
| 23:50 | Research | Horse Collar |
| 24:39 | Build | Stable |
| 24:47 | Build | Siege Workshop |
| 24:49 | Research | Scale Barding Armor |
| 24:56 | Queue | Villager (Male) |
| 24:56 | Queue | Villager (Male) |
| 25:02 | Build | Farm |
| 25:08 | Build | Farm |
| 25:39 | Queue | Steppe Lancer |
| 25:39 | Queue | Steppe Lancer |
| 25:40 | Queue | Steppe Lancer |
| 25:40 | Queue | Steppe Lancer |
| 25:50 | Build | Farm |
| 25:56 | Build | Farm |
| 25:57 | Build | Farm |
| 26:01 | Queue | Steppe Lancer |
| 26:01 | Queue | Steppe Lancer |
| 26:01 | Queue | Steppe Lancer |
| 26:05 | Queue | Iron Pagoda |
| 26:05 | Queue | Iron Pagoda |
| 26:06 | Queue | Iron Pagoda |
| 26:12 | Build | Farm |
| 26:21 | Build | Farm |
| 26:23 | Build | Farm |
| 26:33 | Queue | Villager (Male) |
| 26:33 | Queue | Villager (Male) |
| 26:34 | Queue | Villager (Male) |
| 26:34 | Queue | Villager (Male) |
| 27:15 | Queue | Steppe Lancer |
| 27:15 | Queue | Steppe Lancer |
| 27:15 | Queue | Steppe Lancer |
| 27:26 | Queue | Steppe Lancer |
Build order — CDLP_Themachine
First 150 of 315 actions detected
| 0:04 | Queue | Villager (Male) |
| 0:04 | Queue | Villager (Male) |
| 0:04 | Queue | Villager (Male) |
| 0:11 | Build | Lumber Camp |
| 0:51 | Build | House |
| 0:58 | Research | Loom |
| 0:59 | Queue | Villager (Male) |
| 0:59 | Queue | Villager (Male) |
| 1:37 | Queue | Villager (Male) |
| 1:37 | Queue | Villager (Male) |
| 1:38 | Queue | Villager (Male) |
| 2:09 | Queue | Villager (Male) |
| 2:09 | Queue | Villager (Male) |
| 2:19 | Build | Mill |
| 2:36 | Queue | Villager (Male) |
| 2:36 | Queue | Villager (Male) |
| 3:16 | Build | House |
| 3:39 | Queue | Villager (Male) |
| 3:39 | Queue | Villager (Male) |
| 3:48 | Queue | Villager (Male) |
| 3:48 | Queue | Villager (Male) |
| 4:07 | Queue | Villager (Male) |
| 4:08 | Queue | Villager (Male) |
| 4:08 | Queue | Villager (Male) |
| 4:08 | Queue | Villager (Male) |
| 4:54 | Queue | Villager (Male) |
| 5:00 | Build | House |
| 5:13 | Queue | Villager (Male) |
| 5:13 | Queue | Villager (Male) |
| 5:27 | Build | Lumber Camp |
| 5:55 | Build | House |
| 6:29 | Research | Feudal Age |
| 6:47 | Build | Barracks |
| 7:08 | Build | Mining Camp |
| 7:45 | Build | Palisade Wall |
| 7:49 | Build | Palisade Wall |
| 8:04 | Build | Palisade Wall |
| 8:39 | Age | Feudal Age |
| 8:45 | Research | Double-Bit Axe |
| 8:47 | Research | Wheelbarrow |
| 8:53 | Build | Archery Range |
| 9:22 | Build | Blacksmith |
| 9:40 | Build | Farm |
| 9:46 | Build | Palisade Wall |
| 9:48 | Build | Palisade Wall |
| 9:55 | Queue | Archer |
| 9:55 | Queue | Archer |
| 9:55 | Queue | Archer |
| 10:05 | Research | Fletching |
| 10:09 | Build | House |
| 10:11 | Build | House |
| 10:20 | Build | Palisade Gate |
| 10:25 | Build | Farm |
| 10:46 | Queue | Archer |
| 10:47 | Queue | Archer |
| 11:19 | Build | Market |
| 11:21 | Build | House |
| 11:35 | Queue | Villager (Male) |
| 11:36 | Queue | Villager (Male) |
| 11:36 | Queue | Villager (Male) |
| 11:36 | Queue | Villager (Male) |
| 11:39 | Queue | Archer |
| 11:40 | Queue | Archer |
| 11:49 | Queue | Spearman |
| 11:52 | Queue | Villager (Male) |
| 11:52 | Queue | Villager (Male) |
| 11:53 | Queue | Villager (Male) |
| 11:53 | Queue | Villager (Male) |
| 11:53 | Queue | Villager (Male) |
| 12:20 | Build | Farm |
| 12:20 | Build | Farm |
| 12:21 | Build | Farm |
| 12:21 | Build | Farm |
| 12:21 | Build | Farm |
| 12:21 | Build | Farm |
| 12:21 | Build | Farm |
| 12:45 | Build | Farm |
| 12:47 | Build | Farm |
| 12:54 | Queue | Villager (Male) |
| 12:54 | Queue | Villager (Male) |
| 13:15 | Build | House |
| 13:16 | Build | House |
| 13:17 | Queue | Archer |
| 13:17 | Queue | Archer |
| 13:18 | Queue | Archer |
| 13:24 | Build | Palisade Wall |
| 13:38 | Build | Palisade Wall |
| 14:16 | Build | Palisade Wall |
| 14:19 | Build | Palisade Wall |
| 15:05 | Queue | Archer |
| 15:06 | Queue | Archer |
| 15:29 | Build | Archery Range |
| 15:39 | Build | House |
| 15:40 | Build | House |
| 16:41 | Build | Lumber Camp |
| 17:18 | Build | Palisade Gate |
| 17:35 | Build | House |
| 17:36 | Build | House |
| 17:46 | Build | House |
| 18:44 | Build | Lumber Camp |
| 19:20 | Build | Watch Tower |
| 19:32 | Build | House |
| 19:34 | Queue | Villager (Male) |
| 19:34 | Queue | Villager (Male) |
| 19:35 | Queue | Villager (Male) |
| 19:35 | Queue | Villager (Male) |
| 20:11 | Queue | Archer |
| 20:11 | Queue | Archer |
| 20:42 | Build | House |
| 20:47 | Queue | Villager (Male) |
| 20:47 | Queue | Villager (Male) |
| 20:47 | Queue | Villager (Male) |
| 20:47 | Queue | Villager (Male) |
| 20:48 | Queue | Villager (Male) |
| 21:01 | Build | House |
| 21:14 | Build | Palisade Wall |
| 21:23 | Research | Gold Mining |
| 21:34 | Build | Palisade Gate |
| 22:02 | Build | Mining Camp |
| 22:09 | Build | Farm |
| 22:10 | Build | Farm |
| 22:43 | Queue | Villager (Male) |
| 22:43 | Queue | Villager (Male) |
| 22:58 | Build | Palisade Wall |
| 23:14 | Build | Farm |
| 23:27 | Queue | Villager (Male) |
| 23:28 | Queue | Villager (Male) |
| 23:28 | Queue | Villager (Male) |
| 23:28 | Queue | Villager (Male) |
| 23:28 | Queue | Villager (Male) |
| 23:28 | Queue | Villager (Male) |
| 23:29 | Queue | Villager (Male) |
| 23:29 | Queue | Villager (Male) |
| 23:29 | Queue | Villager (Male) |
| 23:56 | Build | House |
| 23:58 | Build | House |
| 24:02 | Build | Farm |
| 24:12 | Build | Farm |
| 24:22 | Research | Horse Collar |
| 24:58 | Build | Mill |
| 25:00 | Build | Farm |
| 25:00 | Build | Farm |
| 25:01 | Build | Farm |
| 25:02 | Build | Farm |
| 25:03 | Build | Farm |
| 25:47 | Build | Archery Range |
| 26:16 | Queue | Skirmisher |
| 26:16 | Queue | Skirmisher |
| 26:42 | Build | Farm |
| 26:43 | Build | Farm |
Build order — Brawling Toaster
First 150 of 231 actions detected
| 0:03 | Queue | Villager (Male) ×2 |
| 0:11 | Build | Mill |
| 0:41 | Build | House |
| 0:42 | Build | House |
| 0:53 | Research | Loom |
| 1:08 | Queue | Villager (Male) |
| 1:27 | Queue | Villager (Male) |
| 1:35 | Build | House |
| 1:49 | Queue | Villager (Male) |
| 2:03 | Build | House |
| 2:16 | Queue | Villager (Male) |
| 2:16 | Queue | Villager (Male) |
| 2:38 | Queue | Villager (Male) |
| 2:38 | Queue | Villager (Male) |
| 3:01 | Queue | Villager (Male) |
| 3:13 | Queue | Villager (Male) |
| 3:13 | Queue | Villager (Male) |
| 3:33 | Queue | Villager (Male) |
| 3:34 | Queue | Villager (Male) |
| 4:02 | Queue | Villager (Male) |
| 4:03 | Queue | Villager (Male) |
| 4:03 | Queue | Villager (Male) |
| 4:17 | Build | Mining Camp |
| 5:07 | Build | Mining Camp |
| 5:54 | Queue | Villager (Male) |
| 5:54 | Queue | Villager (Male) |
| 5:55 | Queue | Villager (Male) |
| 7:04 | Queue | Villager (Male) |
| 7:04 | Queue | Villager (Male) |
| 7:15 | Build | Lumber Camp |
| 7:41 | Queue | Villager (Male) |
| 8:19 | Research | Feudal Age |
| 8:38 | Build | Barracks |
| 10:29 | Age | Feudal Age |
| 10:30 | Research | Wheelbarrow |
| 10:34 | Research | Horse Collar |
| 10:36 | Research | Stone Mining |
| 10:38 | Research | Double-Bit Axe |
| 10:49 | Build | Market |
| 11:13 | Research | Gold Mining |
| 11:48 | Build | Farm |
| 11:50 | Build | Farm |
| 11:57 | Build | Farm |
| 12:15 | Build | Farm |
| 12:27 | Build | Farm |
| 12:38 | Build | Farm |
| 12:53 | Build | Farm |
| 13:08 | Build | Farm |
| 13:51 | Queue | Villager (Male) |
| 13:51 | Queue | Villager (Male) |
| 13:59 | Build | Blacksmith |
| 14:21 | Research | Castle Age |
| 14:30 | Build | Farm |
| 14:40 | Research | Scale Barding Armor |
| 14:47 | Build | Farm |
| 15:09 | Build | Farm |
| 15:24 | Research | Forging |
| 16:24 | Build | Stable |
| 17:01 | Age | Castle Age |
| 17:14 | Build | Castle |
| 17:17 | Research | Hand Cart |
| 17:36 | Research | Bow Saw |
| 17:51 | Build | Monastery |
| 18:07 | Queue | Conquistador |
| 18:28 | Queue | Missionary |
| 18:28 | Queue | Missionary |
| 18:44 | Build | Monastery |
| 18:47 | Queue | Villager (Male) |
| 18:47 | Queue | Villager (Male) |
| 18:47 | Queue | Villager (Male) |
| 18:47 | Queue | Villager (Male) |
| 18:48 | Queue | Villager (Male) |
| 19:20 | Research | Husbandry |
| 19:33 | Build | Farm |
| 19:34 | Build | Farm |
| 19:35 | Build | Farm |
| 19:40 | Queue | Missionary |
| 19:48 | Queue | Missionary |
| 20:25 | Research | Bloodlines |
| 20:26 | Research | Town Watch |
| 20:32 | Build | Town Center |
| 20:58 | Queue | Villager (Male) |
| 20:58 | Queue | Villager (Male) |
| 20:58 | Queue | Villager (Male) |
| 20:59 | Queue | Villager (Male) |
| 20:59 | Queue | Villager (Male) |
| 21:44 | Research | Chain Barding Armor |
| 21:49 | Build | Town Center |
| 21:55 | Build | University |
| 23:07 | Research | Ballistics |
| 23:14 | Research | Town Patrol |
| 23:17 | Queue | Villager (Male) ×4 |
| 23:17 | Queue | Villager (Male) ×4 |
| 23:54 | Build | Farm |
| 23:57 | Build | Farm |
| 24:00 | Research | Iron Casting |
| 24:33 | Queue | Villager (Male) |
| 24:33 | Queue | Villager (Male) |
| 24:33 | Queue | Villager (Male) |
| 24:33 | Queue | Villager (Male) |
| 24:37 | Build | Farm |
| 24:53 | Build | Farm |
| 24:59 | Queue | Villager (Male) |
| 24:59 | Queue | Villager (Male) |
| 25:07 | Build | Farm |
| 25:18 | Build | Castle |
| 25:23 | Research | Inquisition |
| 25:37 | Queue | Villager (Male) |
| 25:43 | Queue | Villager (Male) |
| 25:51 | Queue | Missionary |
| 25:57 | Queue | Missionary |
| 26:02 | Research | Fervor |
| 26:04 | Research | Sanctity |
| 26:37 | Build | Farm |
| 26:38 | Build | Farm |
| 26:39 | Build | Farm |
| 26:40 | Build | Farm |
| 26:42 | Build | Farm |
| 26:45 | Build | Farm |
| 26:46 | Build | Farm |
| 26:47 | Build | Farm |
| 26:50 | Build | Farm |
| 26:51 | Build | Farm |
| 26:55 | Queue | Missionary |
| 26:57 | Research | Redemption |
| 27:25 | Build | Farm |
| 27:28 | Build | Farm |
| 27:32 | Research | Heavy Plow |
| 28:32 | Research | Imperial Age |
| 29:02 | Queue | Missionary |
| 29:02 | Queue | Missionary |
| 29:31 | Queue | Villager (Male) ×5 |
| 29:31 | Queue | Villager (Male) ×5 |
| 29:39 | Build | Mining Camp |
| 30:32 | Research | Fletching |
| 31:42 | Age | Imperial Age |
| 31:44 | Research | Block Printing |
| 31:48 | Research | Illumination |
| 32:50 | Build | Archery Range |
| 33:11 | Research | Tech 60 |
| 33:15 | Research | Conscription |
| 33:16 | Research | Chemistry |
| 33:21 | Research | Plate Barding Armor |
| 33:22 | Research | Blast Furnace |
| 34:19 | Research | Thumb Ring |
| 34:49 | Build | Archery Range |
| 35:27 | Queue | Conquistador ×5 |
| 35:27 | Queue | Conquistador ×5 |
| 35:27 | Queue | Conquistador ×5 |
| 35:28 | Queue | Conquistador ×5 |
Build order — Avipt
First 150 of 406 actions detected
| 0:11 | Queue | Villager (Male) |
| 0:11 | Queue | Villager (Male) |
| 0:12 | Queue | Villager (Male) |
| 0:42 | Build | Mill |
| 1:33 | Queue | Villager (Male) |
| 1:33 | Queue | Villager (Male) |
| 2:19 | Build | Lumber Camp |
| 2:53 | Queue | Villager (Male) |
| 2:53 | Queue | Villager (Male) |
| 3:10 | Build | House |
| 3:17 | Build | House |
| 3:25 | Queue | Villager (Male) |
| 3:26 | Queue | Villager (Male) |
| 3:26 | Queue | Villager (Male) |
| 3:26 | Queue | Villager (Male) |
| 3:28 | Queue | Villager (Male) |
| 4:53 | Queue | Villager (Male) |
| 4:54 | Queue | Villager (Male) |
| 4:54 | Queue | Villager (Male) |
| 5:53 | Build | Palisade Gate |
| 5:57 | Build | Palisade Wall |
| 5:59 | Build | Palisade Wall |
| 6:09 | Build | Palisade Wall |
| 6:11 | Build | Palisade Wall |
| 6:19 | Build | Barracks |
| 6:25 | Build | Palisade Wall |
| 7:16 | Research | Feudal Age |
| 8:15 | Build | House |
| 8:19 | Build | House |
| 9:18 | Queue | Villager (Male) |
| 9:19 | Queue | Villager (Male) |
| 9:19 | Queue | Villager (Male) |
| 9:19 | Queue | Villager (Male) |
| 9:19 | Queue | Villager (Male) |
| 9:20 | Queue | Villager (Male) |
| 9:26 | Age | Feudal Age |
| 9:30 | Research | Double-Bit Axe |
| 9:33 | Research | Horse Collar |
| 9:56 | Build | Mining Camp |
| 10:15 | Build | Market |
| 10:20 | Build | Archery Range |
| 10:34 | Build | Palisade Wall |
| 10:37 | Build | Palisade Wall |
| 10:42 | Build | Palisade Wall |
| 10:56 | Queue | Villager (Male) |
| 10:56 | Queue | Villager (Male) |
| 10:56 | Queue | Villager (Male) |
| 10:56 | Queue | Villager (Male) |
| 11:21 | Build | Farm |
| 11:26 | Build | Farm |
| 12:18 | Queue | Villager (Male) |
| 12:19 | Queue | Villager (Male) |
| 12:19 | Queue | Villager (Male) |
| 12:36 | Build | Farm |
| 13:17 | Build | Mining Camp |
| 13:34 | Build | Farm |
| 13:38 | Build | Farm |
| 13:42 | Build | Farm |
| 14:06 | Queue | Villager (Male) |
| 14:06 | Queue | Villager (Male) |
| 14:12 | Build | House |
| 14:16 | Build | House |
| 14:36 | Build | Farm |
| 14:40 | Build | Farm |
| 14:50 | Build | Farm |
| 14:54 | Build | Farm |
| 15:16 | Build | Farm |
| 15:22 | Build | Farm |
| 15:48 | Build | Farm |
| 15:52 | Queue | Archer |
| 15:53 | Queue | Archer |
| 15:56 | Queue | Archer |
| 15:58 | Queue | Archer |
| 16:00 | Queue | Archer |
| 16:03 | Queue | Archer |
| 16:15 | Build | Farm |
| 16:48 | Build | Farm |
| 16:57 | Research | Castle Age |
| 17:05 | Build | Farm |
| 17:28 | Build | Blacksmith |
| 17:37 | Build | House |
| 17:38 | Build | House |
| 17:45 | Build | House |
| 18:00 | Build | House |
| 18:02 | Build | House |
| 18:05 | Build | House |
| 18:29 | Research | Fletching |
| 18:31 | Research | Padded Archer Armor |
| 19:37 | Age | Castle Age |
| 19:55 | Research | Crossbowman (upgrade) |
| 21:33 | Build | Castle |
| 21:38 | Queue | Villager (Male) |
| 21:38 | Queue | Villager (Male) |
| 21:38 | Queue | Villager (Male) |
| 21:39 | Queue | Villager (Male) |
| 21:41 | Research | Bow Saw |
| 21:47 | Research | Heavy Plow |
| 21:57 | Build | Town Center |
| 22:02 | Queue | Villager (Male) |
| 22:02 | Queue | Villager (Male) |
| 22:02 | Queue | Villager (Male) |
| 22:02 | Queue | Villager (Male) |
| 22:03 | Queue | Villager (Male) |
| 22:44 | Queue | Villager (Male) |
| 22:44 | Queue | Villager (Male) |
| 22:44 | Queue | Villager (Male) |
| 22:45 | Queue | Villager (Male) |
| 23:10 | Research | Forging |
| 23:45 | Queue | Villager (Male) |
| 23:45 | Queue | Villager (Male) |
| 23:46 | Queue | Villager (Male) |
| 23:47 | Queue | Villager (Male) |
| 23:47 | Queue | Villager (Male) |
| 24:18 | Build | Stone Wall |
| 24:32 | Queue | Villager (Male) |
| 24:32 | Queue | Villager (Male) |
| 24:32 | Queue | Villager (Male) |
| 24:33 | Queue | Villager (Male) |
| 24:52 | Research | Elite Skirmisher (upgrade) |
| 24:54 | Queue | Skirmisher |
| 24:54 | Queue | Skirmisher |
| 24:54 | Queue | Skirmisher |
| 24:54 | Queue | Skirmisher |
| 25:00 | Build | Archery Range |
| 25:25 | Build | Town Center |
| 25:31 | Queue | Villager (Male) |
| 25:32 | Queue | Villager (Male) |
| 25:34 | Queue | Villager (Male) |
| 25:34 | Queue | Villager (Male) |
| 25:35 | Queue | Villager (Male) |
| 25:44 | Build | Farm |
| 26:47 | Build | Stone Wall |
| 26:51 | Build | Stone Wall |
| 27:06 | Research | Thumb Ring |
| 27:07 | Queue | Skirmisher |
| 27:08 | Queue | Skirmisher |
| 27:08 | Queue | Skirmisher |
| 27:09 | Queue | Skirmisher |
| 27:12 | Queue | Skirmisher |
| 27:12 | Queue | Skirmisher |
| 27:14 | Queue | Samurai |
| 27:14 | Queue | Samurai |
| 27:15 | Queue | Samurai |
| 27:16 | Queue | Samurai |
| 27:16 | Queue | Samurai |
| 27:58 | Build | Farm |
| 27:59 | Build | Farm |
| 27:59 | Build | Farm |
| 28:00 | Build | Farm |
| 28:08 | Build | Farm |
Build order — TitaN
First 150 of 360 actions detected
| 0:24 | Build | House |
| 0:25 | Build | House |
| 0:29 | Build | Lumber Camp |
| 0:30 | Queue | Villager (Male) |
| 0:30 | Queue | Villager (Male) |
| 1:35 | Queue | Villager (Male) |
| 1:36 | Queue | Villager (Male) |
| 1:36 | Queue | Villager (Male) |
| 1:55 | Queue | Villager (Male) |
| 2:26 | Build | Mill |
| 2:31 | Queue | Villager (Male) |
| 2:56 | Queue | Villager (Male) |
| 4:26 | Queue | Villager (Male) |
| 4:27 | Queue | Villager (Male) |
| 4:28 | Queue | Villager (Male) |
| 4:28 | Queue | Villager (Male) |
| 5:57 | Queue | Villager (Male) |
| 6:33 | Build | Farm |
| 6:35 | Build | Farm |
| 6:38 | Build | Farm |
| 6:44 | Build | Farm |
| 6:55 | Research | Feudal Age |
| 7:24 | Queue | Villager (Male) |
| 7:25 | Queue | Villager (Male) |
| 7:25 | Queue | Villager (Male) |
| 7:25 | Queue | Villager (Male) |
| 7:37 | Build | Farm |
| 7:40 | Build | Farm |
| 7:43 | Build | Farm |
| 7:59 | Build | House |
| 8:15 | Build | Mill |
| 9:05 | Age | Feudal Age |
| 9:07 | Queue | Villager (Male) |
| 9:08 | Queue | Villager (Male) |
| 9:08 | Queue | Villager (Male) |
| 9:08 | Queue | Villager (Male) |
| 9:09 | Queue | Villager (Male) |
| 9:09 | Queue | Villager (Male) |
| 9:10 | Queue | Villager (Male) |
| 9:52 | Build | Blacksmith |
| 11:00 | Build | Barracks |
| 11:18 | Research | Double-Bit Axe |
| 11:41 | Build | House |
| 12:37 | Build | Gate |
| 12:49 | Build | Mining Camp |
| 13:09 | Build | Market |
| 13:24 | Build | Gate |
| 13:59 | Build | Archery Range |
| 14:11 | Build | Farm |
| 14:19 | Research | Castle Age |
| 14:42 | Build | Mining Camp |
| 14:58 | Research | Horse Collar |
| 15:12 | Queue | Archer |
| 15:12 | Queue | Archer |
| 15:13 | Queue | Archer |
| 15:13 | Queue | Archer |
| 15:21 | Build | House |
| 15:22 | Build | House |
| 15:24 | Build | House |
| 16:42 | Research | Loom |
| 16:59 | Age | Castle Age |
| 17:08 | Queue | Villager (Male) |
| 17:09 | Queue | Villager (Male) |
| 17:09 | Queue | Villager (Male) |
| 17:10 | Queue | Villager (Male) |
| 17:16 | Research | Bow Saw |
| 17:53 | Build | Watch Tower |
| 18:09 | Build | Town Center |
| 18:13 | Queue | Villager (Male) |
| 18:14 | Queue | Villager (Male) |
| 18:20 | Build | House |
| 18:22 | Build | House |
| 19:06 | Queue | Villager (Male) |
| 19:14 | Build | Farm |
| 19:19 | Build | Farm |
| 19:44 | Build | Lumber Camp |
| 20:10 | Queue | Villager (Male) |
| 20:10 | Queue | Villager (Male) |
| 20:11 | Queue | Villager (Male) |
| 20:11 | Queue | Villager (Male) |
| 20:11 | Queue | Villager (Male) |
| 20:12 | Queue | Villager (Male) |
| 20:12 | Queue | Villager (Male) |
| 20:30 | Research | Crossbowman (upgrade) |
| 20:36 | Research | Fletching |
| 20:37 | Queue | Villager (Male) |
| 20:38 | Queue | Villager (Male) |
| 20:42 | Build | Farm |
| 20:43 | Build | Farm |
| 20:45 | Build | Farm |
| 20:59 | Queue | Villager (Male) |
| 20:59 | Queue | Villager (Male) |
| 21:13 | Queue | Archer |
| 21:19 | Build | Archery Range |
| 21:47 | Build | Watch Tower |
| 21:52 | Research | Wheelbarrow |
| 22:01 | Queue | Archer |
| 22:01 | Queue | Archer |
| 22:14 | Build | Farm |
| 22:14 | Build | Farm |
| 22:15 | Build | Farm |
| 22:15 | Build | Farm |
| 22:15 | Build | Farm |
| 22:15 | Build | Farm |
| 22:42 | Queue | Archer |
| 22:43 | Queue | Archer |
| 22:44 | Queue | Archer |
| 22:44 | Queue | Archer |
| 22:51 | Build | Watch Tower |
| 23:06 | Queue | Villager (Male) |
| 23:06 | Queue | Villager (Male) |
| 23:07 | Queue | Villager (Male) |
| 23:08 | Queue | Villager (Male) |
| 23:08 | Queue | Villager (Male) |
| 23:08 | Queue | Villager (Male) |
| 23:09 | Queue | Villager (Male) |
| 23:09 | Queue | Villager (Male) |
| 23:53 | Build | Watch Tower |
| 24:00 | Queue | Villager (Male) |
| 24:01 | Queue | Villager (Male) |
| 24:05 | Queue | Archer |
| 24:05 | Queue | Archer |
| 24:05 | Queue | Archer |
| 24:06 | Queue | Archer |
| 24:06 | Queue | Archer |
| 24:06 | Queue | Archer |
| 24:19 | Build | Farm |
| 24:19 | Build | Farm |
| 24:19 | Build | Farm |
| 24:20 | Build | Farm |
| 24:20 | Build | Farm |
| 24:20 | Build | Farm |
| 24:26 | Build | House |
| 24:26 | Build | House |
| 24:28 | Build | House |
| 24:30 | Build | House |
| 24:41 | Build | Town Center |
| 24:53 | Build | University |
| 24:57 | Research | Gold Mining |
| 25:00 | Research | Stone Mining |
| 25:03 | Research | Heavy Plow |
| 25:11 | Build | Barracks |
| 25:44 | Build | Siege Workshop |
| 25:55 | Queue | Villager (Male) |
| 25:55 | Queue | Villager (Male) |
| 25:56 | Queue | Villager (Male) |
| 25:56 | Queue | Villager (Male) |
| 25:56 | Queue | Villager (Male) |
| 25:56 | Queue | Villager (Male) |
| 25:57 | Queue | Villager (Male) |
Build order — Shusai
First 150 of 168 actions detected
| 0:52 | Build | House |
| 0:54 | Build | House |
| 0:58 | Build | Mill |
| 1:27 | Queue | Villager (Male) |
| 1:57 | Queue | Villager (Male) ×2 |
| 2:24 | Queue | Villager (Male) |
| 2:48 | Queue | Villager (Male) |
| 2:58 | Build | Lumber Camp |
| 3:05 | Queue | Villager (Male) |
| 4:09 | Queue | Villager (Male) |
| 4:09 | Queue | Villager (Male) |
| 4:49 | Queue | Villager (Male) |
| 4:51 | Queue | Villager (Male) |
| 5:30 | Build | Mining Camp |
| 6:05 | Research | Feudal Age |
| 7:14 | Queue | Villager (Male) |
| 7:32 | Queue | Villager (Male) |
| 8:15 | Age | Feudal Age |
| 8:44 | Build | Barracks |
| 9:01 | Build | Blacksmith |
| 9:08 | Queue | Villager (Male) |
| 9:08 | Queue | Villager (Male) |
| 10:46 | Build | Archery Range |
| 10:54 | Queue | Villager (Male) |
| 11:20 | Research | Castle Age |
| 11:43 | Build | Mining Camp |
| 12:06 | Build | Farm |
| 12:19 | Build | Farm |
| 12:25 | Research | Double-Bit Axe |
| 12:50 | Build | Gate |
| 12:54 | Build | Stone Wall |
| 13:10 | Build | Palisade Gate |
| 13:15 | Build | Palisade Wall |
| 13:19 | Build | Palisade Wall |
| 13:21 | Build | Palisade Wall |
| 13:32 | Build | Farm |
| 13:32 | Build | Farm |
| 13:56 | Research | Horse Collar |
| 14:00 | Age | Castle Age |
| 14:03 | Queue | Villager (Male) ×2 |
| 14:45 | Queue | Villager (Male) |
| 14:48 | Build | Farm |
| 15:08 | Queue | Villager (Male) |
| 15:13 | Build | Farm |
| 15:22 | Build | Farm |
| 15:42 | Queue | Villager (Male) |
| 15:49 | Build | Farm |
| 16:00 | Build | Gate |
| 16:05 | Queue | Villager (Male) |
| 16:19 | Build | Farm |
| 16:31 | Queue | Villager (Male) |
| 16:53 | Build | Castle |
| 16:57 | Build | Farm |
| 17:03 | Build | Farm |
| 17:14 | Research | Bow Saw |
| 17:14 | Research | Bow Saw |
| 17:24 | Build | Farm |
| 17:25 | Build | Farm |
| 17:31 | Build | Farm |
| 17:38 | Build | House |
| 17:39 | Build | House |
| 17:42 | Build | House |
| 17:46 | Build | House |
| 17:51 | Queue | Villager (Male) |
| 17:52 | Queue | Villager (Male) |
| 18:01 | Build | Palisade Wall |
| 18:10 | Build | Stone Wall |
| 18:14 | Build | Stone Wall |
| 18:35 | Build | Gate |
| 18:42 | Queue | Villager (Male) ×4 |
| 19:00 | Queue | Spearman ×2 |
| 19:02 | Queue | Spearman |
| 19:39 | Build | Farm |
| 19:42 | Build | Farm |
| 19:46 | Build | Farm |
| 20:00 | Queue | Chu Ko Nu ×3 |
| 20:13 | Build | Farm |
| 20:27 | Build | Farm |
| 20:32 | Queue | Villager (Male) |
| 20:49 | Build | Gate |
| 20:51 | Build | Stone Wall |
| 21:13 | Queue | Villager (Male) |
| 21:14 | Queue | Villager (Male) |
| 21:16 | Queue | Villager (Male) |
| 21:19 | Research | Heavy Plow |
| 21:22 | Queue | Chu Ko Nu ×5 |
| 21:38 | Build | Gate |
| 21:41 | Build | Stone Wall |
| 21:57 | Build | Stone Wall |
| 22:05 | Build | Gate |
| 22:08 | Build | Stone Wall |
| 22:12 | Build | Stone Wall |
| 22:16 | Research | Pikeman (upgrade) |
| 22:43 | Research | Thumb Ring |
| 22:46 | Research | Fletching |
| 23:01 | Research | Elite Skirmisher (upgrade) |
| 23:02 | Queue | Skirmisher ×3 |
| 23:34 | Queue | Chu Ko Nu ×5 |
| 24:07 | Build | Gate |
| 24:35 | Queue | Chu Ko Nu ×5 |
| 25:07 | Queue | Skirmisher ×5 |
| 26:38 | Build | Lumber Camp |
| 28:05 | Queue | Villager (Male) ×5 |
| 29:26 | Queue | Chu Ko Nu ×5 |
| 29:28 | Queue | Skirmisher ×4 |
| 30:10 | Queue | Villager (Male) ×5 |
| 30:26 | Build | Stone Wall |
| 30:28 | Build | Stone Wall |
| 30:31 | Build | Gate |
| 30:45 | Build | Gate |
| 30:48 | Build | Stone Wall |
| 30:50 | Build | Stone Wall |
| 31:03 | Research | Bodkin Arrow |
| 31:05 | Research | Padded Archer Armor |
| 31:19 | Build | University |
| 31:23 | Queue | Villager (Male) ×5 |
| 31:29 | Research | Wheelbarrow |
| 31:35 | Queue | Villager (Male) |
| 31:36 | Queue | Villager (Male) |
| 31:45 | Build | Archery Range |
| 31:49 | Queue | Spearman ×5 |
| 31:56 | Queue | Chu Ko Nu ×2 |
| 32:31 | Build | Gate |
| 32:34 | Build | Stone Wall |
| 32:41 | Build | Stone Wall |
| 33:18 | Queue | Chu Ko Nu ×5 |
| 33:34 | Research | Gold Mining |
| 34:02 | Build | Mining Camp |
| 34:19 | Build | Stone Wall |
| 34:33 | Research | Imperial Age |
| 34:39 | Queue | Skirmisher ×5 |
| 34:46 | Build | House |
| 34:48 | Build | House |
| 34:49 | Build | House |
| 34:51 | Build | House |
| 35:28 | Research | Ballistics |
| 35:29 | Research | Ballistics |
| 35:40 | Build | Blacksmith |
| 36:24 | Build | Town Center |
| 37:43 | Age | Imperial Age |
| 38:16 | Research | Hand Cart |
| 38:19 | Research | Bracer |
| 38:21 | Research | Leather Archer Armor |
| 38:32 | Build | Farm |
| 38:33 | Build | Farm |
| 38:41 | Research | Two-Man Saw |
| 38:45 | Queue | Villager (Male) ×5 |
| 38:58 | Queue | Skirmisher ×2 |
| 39:24 | Build | Castle |
| 40:17 | Queue | Skirmisher ×5 |
Build order — Zé Gui
First 150 of 406 actions detected
| 0:01 | Queue | Villager (Male) |
| 0:02 | Queue | Villager (Male) |
| 0:04 | Build | House |
| 0:51 | Queue | Villager (Male) |
| 0:51 | Queue | Villager (Male) |
| 0:51 | Queue | Villager (Male) |
| 1:34 | Queue | Villager (Male) |
| 1:35 | Queue | Villager (Male) |
| 2:02 | Queue | Villager (Male) |
| 2:03 | Queue | Villager (Male) |
| 2:39 | Build | Mule Cart |
| 2:48 | Queue | Villager (Male) |
| 3:15 | Queue | Villager (Male) |
| 3:15 | Queue | Villager (Male) |
| 3:33 | Build | House |
| 3:37 | Queue | Villager (Male) |
| 3:38 | Queue | Villager (Male) |
| 4:23 | Queue | Villager (Male) |
| 4:25 | Queue | Villager (Male) |
| 4:47 | Queue | Villager (Male) |
| 5:50 | Queue | Villager (Male) |
| 5:57 | Queue | Villager (Male) |
| 6:03 | Build | House |
| 6:13 | Build | Mill |
| 6:17 | Queue | Villager (Male) |
| 6:42 | Queue | Villager (Male) |
| 6:51 | Build | Barracks |
| 6:57 | Build | Mule Cart |
| 6:58 | Queue | Villager (Male) |
| 7:27 | Build | House |
| 7:50 | Research | Feudal Age |
| 7:51 | Research | Loom |
| 8:27 | Queue | Villager (Male) |
| 8:35 | Queue | Militia |
| 8:35 | Queue | Militia |
| 8:36 | Queue | Militia |
| 8:54 | Build | Farm |
| 8:55 | Build | Farm |
| 8:55 | Build | Farm |
| 8:56 | Build | Farm |
| 8:57 | Build | Farm |
| 8:58 | Build | Farm |
| 9:16 | Queue | Villager (Male) |
| 9:49 | Build | Palisade Wall |
| 9:57 | Build | House |
| 10:11 | Queue | Militia |
| 10:21 | Age | Feudal Age |
| 10:31 | Research | Man-at-Arms (upgrade) |
| 10:37 | Build | Blacksmith |
| 11:15 | Research | Long Swordsman (upgrade) |
| 11:19 | Research | Scale Mail Armor |
| 11:21 | Research | Forging |
| 11:22 | Queue | Villager (Male) |
| 11:25 | Queue | Villager (Male) |
| 11:33 | Build | Farm |
| 11:34 | Build | Farm |
| 12:00 | Queue | Militia |
| 12:01 | Queue | Militia |
| 12:01 | Queue | Militia |
| 12:52 | Queue | Militia |
| 12:56 | Queue | Villager (Male) |
| 12:56 | Queue | Villager (Male) |
| 13:25 | Research | Arson |
| 13:32 | Build | House |
| 13:33 | Build | House |
| 13:37 | Queue | Militia |
| 13:48 | Queue | Villager (Male) |
| 13:53 | Queue | Villager (Male) |
| 13:58 | Build | Farm |
| 15:17 | Queue | Militia |
| 15:18 | Queue | Militia |
| 15:18 | Queue | Militia |
| 15:20 | Queue | Villager (Male) |
| 15:21 | Queue | Villager (Male) |
| 15:21 | Queue | Villager (Male) |
| 15:27 | Build | Farm |
| 15:28 | Build | Farm |
| 15:28 | Build | Farm |
| 15:28 | Build | Farm |
| 15:28 | Build | Farm |
| 16:25 | Queue | Militia |
| 16:25 | Queue | Militia |
| 16:25 | Queue | Militia |
| 17:14 | Queue | Villager (Male) |
| 17:14 | Queue | Villager (Male) |
| 17:15 | Queue | Villager (Male) |
| 17:15 | Queue | Villager (Male) |
| 17:23 | Build | Farm |
| 17:23 | Build | Farm |
| 17:23 | Build | Farm |
| 17:23 | Build | Farm |
| 17:23 | Build | Farm |
| 17:24 | Build | Farm |
| 17:24 | Build | Farm |
| 17:24 | Build | Farm |
| 17:27 | Queue | Militia |
| 17:27 | Queue | Militia |
| 17:27 | Queue | Militia |
| 17:27 | Queue | Militia |
| 18:26 | Queue | Villager (Male) |
| 18:26 | Queue | Villager (Male) |
| 19:00 | Build | House |
| 19:01 | Build | House |
| 19:02 | Build | House |
| 19:16 | Queue | Villager (Male) |
| 19:29 | Build | Farm |
| 19:29 | Build | Farm |
| 19:29 | Build | Farm |
| 19:29 | Build | Farm |
| 19:30 | Build | Farm |
| 20:50 | Queue | Villager (Male) |
| 20:50 | Queue | Villager (Male) |
| 21:18 | Queue | Villager (Male) |
| 21:36 | Build | Market |
| 21:41 | Build | House |
| 21:43 | Build | House |
| 21:55 | Build | Palisade Gate |
| 22:00 | Build | House |
| 22:01 | Build | House |
| 22:04 | Queue | Villager (Male) |
| 22:07 | Research | Horse Collar |
| 22:09 | Research | Double-Bit Axe |
| 22:10 | Research | Gold Mining |
| 22:40 | Research | Castle Age |
| 23:06 | Build | Mill |
| 23:09 | Build | Farm |
| 23:09 | Build | Farm |
| 23:09 | Build | Farm |
| 23:09 | Build | Farm |
| 23:17 | Research | Wheelbarrow |
| 23:36 | Build | House |
| 23:53 | Build | Palisade Wall |
| 24:11 | Queue | Militia |
| 24:11 | Queue | Militia |
| 24:11 | Queue | Militia |
| 24:12 | Queue | Militia |
| 24:16 | Research | Fletching |
| 24:40 | Build | House |
| 24:41 | Build | House |
| 24:42 | Build | House |
| 24:45 | Build | House |
| 24:59 | Build | Palisade Gate |
| 25:03 | Build | House |
| 25:03 | Build | House |
| 25:05 | Build | House |
| 25:21 | Queue | Militia |
| 25:22 | Queue | Militia |
| 25:22 | Queue | Militia |
| 25:23 | Queue | Militia |
| 25:23 | Queue | Militia |
Build order — Zain
First 150 of 360 actions detected
| 0:01 | Queue | Villager (Male) |
| 0:02 | Queue | Villager (Male) |
| 0:15 | Build | Lumber Camp |
| 0:53 | Queue | Villager (Male) |
| 1:17 | Queue | Villager (Male) |
| 1:21 | Build | House |
| 1:58 | Queue | Villager (Male) |
| 2:04 | Build | House |
| 2:28 | Queue | Villager (Male) |
| 2:28 | Queue | Villager (Male) |
| 2:28 | Queue | Villager (Male) |
| 2:32 | Build | Mill |
| 3:30 | Queue | Villager (Male) |
| 3:45 | Queue | Villager (Male) |
| 3:45 | Queue | Villager (Male) |
| 4:00 | Queue | Villager (Male) |
| 4:33 | Queue | Villager (Male) |
| 5:41 | Research | Feudal Age |
| 7:08 | Queue | Villager (Male) |
| 7:43 | Build | Barracks |
| 7:51 | Age | Feudal Age |
| 7:57 | Queue | Villager (Male) |
| 8:00 | Research | Double-Bit Axe |
| 8:02 | Research | Horse Collar |
| 8:15 | Build | House |
| 8:23 | Build | Farm |
| 8:25 | Queue | Villager (Male) |
| 8:38 | Build | Archery Range |
| 8:51 | Build | Farm |
| 8:54 | Queue | Villager (Male) |
| 9:10 | Build | Farm |
| 9:27 | Build | Lumber Camp |
| 9:48 | Queue | Villager (Male) |
| 9:58 | Build | Mining Camp |
| 10:00 | Queue | Villager (Male) |
| 10:03 | Queue | Archer |
| 10:17 | Build | House |
| 10:34 | Queue | Villager (Male) |
| 10:42 | Queue | Archer |
| 10:55 | Build | Stone Wall |
| 10:57 | Queue | Villager (Male) |
| 11:05 | Build | House |
| 11:09 | Queue | Villager (Male) |
| 11:12 | Build | Farm |
| 11:16 | Queue | Archer |
| 11:34 | Build | Farm |
| 11:38 | Queue | Archer |
| 11:46 | Build | Blacksmith |
| 11:51 | Queue | Villager (Male) |
| 12:07 | Build | Stone Wall |
| 12:13 | Build | Stone Wall |
| 12:14 | Queue | Villager (Male) |
| 12:20 | Build | Farm |
| 12:21 | Queue | Villager (Male) |
| 12:24 | Queue | Archer |
| 12:29 | Build | House |
| 12:40 | Build | Lumber Camp |
| 12:41 | Queue | Villager (Male) |
| 12:47 | Build | House |
| 12:52 | Queue | Villager (Male) |
| 13:00 | Queue | Archer |
| 13:13 | Build | Archery Range |
| 13:24 | Queue | Villager (Male) |
| 13:28 | Build | Farm |
| 13:31 | Research | Gold Mining |
| 13:37 | Build | House |
| 13:38 | Queue | Villager (Male) |
| 13:43 | Build | Farm |
| 13:44 | Research | Fletching |
| 13:45 | Research | Padded Archer Armor |
| 13:54 | Queue | Archer |
| 13:54 | Queue | Archer |
| 14:05 | Build | Farm |
| 14:28 | Build | Farm |
| 14:37 | Build | Stone Wall |
| 14:39 | Queue | Villager (Male) |
| 14:52 | Build | Farm |
| 14:56 | Queue | Villager (Male) |
| 15:05 | Queue | Villager (Male) |
| 15:15 | Queue | Archer |
| 15:15 | Queue | Archer |
| 15:25 | Build | Farm |
| 15:42 | Build | Mining Camp |
| 15:47 | Queue | Villager (Male) |
| 15:57 | Queue | Archer |
| 15:58 | Queue | Archer |
| 15:59 | Queue | Villager (Male) |
| 15:59 | Queue | Villager (Male) |
| 16:06 | Build | Farm |
| 16:09 | Build | Farm |
| 16:15 | Build | House |
| 16:29 | Queue | Villager (Male) |
| 16:34 | Build | Farm |
| 16:55 | Queue | Archer |
| 16:56 | Queue | Archer |
| 16:58 | Build | Farm |
| 17:14 | Build | Stone Wall |
| 17:16 | Queue | Villager (Male) |
| 17:25 | Build | House |
| 17:42 | Research | Castle Age |
| 17:54 | Queue | Archer |
| 17:54 | Queue | Archer |
| 18:10 | Queue | Archer |
| 18:11 | Queue | Archer |
| 18:14 | Queue | Villager (Male) |
| 18:29 | Queue | Villager (Male) |
| 18:34 | Queue | Archer |
| 18:50 | Queue | Villager (Male) |
| 18:58 | Build | House |
| 19:10 | Build | House |
| 19:12 | Build | House |
| 19:14 | Build | House |
| 19:23 | Queue | Archer |
| 19:24 | Queue | Archer |
| 19:31 | Queue | Archer |
| 20:00 | Research | Loom |
| 20:23 | Age | Castle Age |
| 21:05 | Queue | Villager (Male) |
| 21:11 | Build | Farm |
| 21:12 | Research | Bow Saw |
| 21:18 | Research | Crossbowman (upgrade) |
| 21:19 | Research | Thumb Ring |
| 21:20 | Queue | Villager (Male) |
| 21:28 | Build | University |
| 21:30 | Research | Bodkin Arrow |
| 21:31 | Queue | Villager (Male) |
| 21:43 | Queue | Villager (Male) |
| 21:48 | Build | Farm |
| 21:49 | Queue | Villager (Male) |
| 22:09 | Queue | Archer |
| 22:09 | Queue | Archer |
| 22:13 | Build | Farm |
| 22:15 | Research | Heavy Plow |
| 23:13 | Queue | Villager (Male) |
| 23:14 | Queue | Villager (Male) |
| 23:20 | Research | Ballistics |
| 24:01 | Queue | Villager (Male) |
| 24:02 | Queue | Villager (Male) |
| 25:12 | Queue | Villager (Male) |
| 25:12 | Queue | Villager (Male) |
| 25:24 | Build | Castle |
| 25:52 | Queue | Villager (Male) |
| 26:15 | Build | Town Center |
| 26:18 | Queue | Villager (Male) |
| 26:43 | Queue | Villager (Male) |
| 26:59 | Queue | Villager (Male) |
| 27:38 | Queue | Villager (Male) |
| 27:39 | Queue | Villager (Male) |
| 28:03 | Queue | Villager (Male) |
| 28:07 | Research | Imperial Age |
Match timeline
| 1:15 | Maximus · wall_segment Palisade Wall x1 |
| 1:53 | Maximus · wall_segment Palisade Wall x1 |
| 5:57 | Avipt · wall_segment Palisade Wall x1 |
| 5:59 | Avipt · wall_segment Palisade Wall x1 |
| 6:09 | Avipt · wall_segment Palisade Wall x10 |
| 6:11 | Avipt · wall_segment Palisade Wall x2 |
| 6:19 | Avipt · first_building Barracks |
| 6:25 | Avipt · wall_segment Palisade Wall x4 |
| 6:47 | CDLP_Themachine · first_building Barracks |
| 6:51 | Zé Gui · first_building Barracks |
| 7:43 | Zain · first_building Barracks |
| 7:45 | CDLP_Themachine · wall_segment Palisade Wall x4 |
| 7:49 | CDLP_Themachine · wall_segment Palisade Wall x1 |
| 7:51 | Zain · age_up feudal |
| 8:04 | CDLP_Themachine · wall_segment Palisade Wall x1 |
| 8:15 | Shusai · age_up feudal |
| 8:38 | Zain · first_building Archery Range |
| 8:38 | Brawling Toaster · first_building Barracks |
| 8:39 | CDLP_Themachine · age_up feudal |
| 8:44 | Shusai · first_building Barracks |
| 8:53 | CDLP_Themachine · first_building Archery Range |
| 9:05 | TitaN · age_up feudal |
| 9:26 | Avipt · age_up feudal |
| 9:46 | CDLP_Themachine · wall_segment Palisade Wall x1 |
| 9:48 | CDLP_Themachine · wall_segment Palisade Wall x1 |
| 9:49 | Zé Gui · wall_segment Palisade Wall x10 |
| 10:20 | Avipt · first_building Archery Range |
| 10:21 | Zé Gui · age_up feudal |
| 10:24 | Maximus · age_up feudal |
| 10:29 | Brawling Toaster · age_up feudal |
| 10:34 | Avipt · wall_segment Palisade Wall x4 |
| 10:37 | Avipt · wall_segment Palisade Wall x10 |
| 10:42 | Avipt · wall_segment Palisade Wall x15 |
| 10:46 | Shusai · first_building Archery Range |
| 10:55 | Zain · wall_segment Stone Wall x6 |
| 11:00 | TitaN · first_building Barracks |
| 12:02 | Brawling Toaster · first_market_buy 100 food |
| 12:07 | Zain · wall_segment Stone Wall x13 |
| 12:13 | Zain · wall_segment Stone Wall x6 |
| 12:54 | Shusai · wall_segment Stone Wall x15 |
| 13:11 | Brawling Toaster · first_market_sell 100 stone |
| 13:15 | Shusai · wall_segment Palisade Wall x10 |
| 13:19 | Shusai · wall_segment Palisade Wall x12 |
| 13:21 | Shusai · wall_segment Palisade Wall x5 |
| 13:24 | CDLP_Themachine · wall_segment Palisade Wall x9 |
| 13:38 | CDLP_Themachine · wall_segment Palisade Wall x1 |
| 13:59 | TitaN · first_building Archery Range |
| 14:00 | Shusai · age_up castle |
| 14:16 | CDLP_Themachine · wall_segment Palisade Wall x1 |
| 14:17 | TitaN · first_market_sell 100 food |
| 14:19 | CDLP_Themachine · wall_segment Palisade Wall x5 |
| 14:25 | Maximus · first_building Barracks |
| 14:37 | Zain · wall_segment Stone Wall x9 |
| 16:19 | Maximus · first_building Archery Range |
| 16:24 | Brawling Toaster · first_building Stable |
| 16:49 | Maximus · age_up castle |
| 16:53 | Shusai · first_building Castle |
| 16:56 | Avipt · first_market_buy 100 food |
| 16:59 | TitaN · age_up castle |
| 17:01 | Brawling Toaster · age_up castle |
| 17:14 | Brawling Toaster · first_building Castle |
| 17:14 | Zain · wall_segment Stone Wall x15 |
| 17:51 | Brawling Toaster · first_building Monastery |
| 18:01 | Shusai · wall_segment Palisade Wall x3 |
| 18:10 | Shusai · wall_segment Stone Wall x3 |
| 18:14 | Shusai · wall_segment Stone Wall x7 |
| 19:37 | Avipt · age_up castle |
| 20:23 | Zain · age_up castle |
| 20:40 | Maximus · first_market_buy 100 food |
| 20:51 | Shusai · wall_segment Stone Wall x3 |
| 20:55 | Maximus · first_market_sell 100 wood |
| 21:14 | CDLP_Themachine · wall_segment Palisade Wall x1 |
| 21:33 | Avipt · first_building Castle |
| 21:41 | Shusai · wall_segment Stone Wall x6 |
| 21:57 | Shusai · wall_segment Stone Wall x6 |
| 22:08 | Shusai · wall_segment Stone Wall x5 |
| 22:12 | Shusai · wall_segment Stone Wall x6 |
| 22:58 | CDLP_Themachine · wall_segment Palisade Wall x5 |
| 23:15 | Maximus · first_building Castle |
| 23:22 | CDLP_Themachine · first_market_sell 100 wood |
| 23:25 | CDLP_Themachine · first_market_buy 100 food |
| 23:53 | Zé Gui · wall_segment Palisade Wall x7 |
| 24:18 | Avipt · wall_segment Stone Wall x14 |
| 24:39 | Maximus · first_building Stable |
| 24:47 | Maximus · first_building Siege Workshop |
| 25:23 | Zé Gui · age_up castle |
| 25:24 | Zain · first_building Castle |
| 25:41 | Zé Gui · first_building Monastery |
| 25:44 | TitaN · first_building Siege Workshop |
| 26:47 | Avipt · wall_segment Stone Wall x5 |
| 26:51 | Avipt · wall_segment Stone Wall x16 |
| 27:09 | CDLP_Themachine · wall_segment Palisade Wall x6 |
| 27:16 | CDLP_Themachine · wall_segment Palisade Wall x5 |
| 29:08 | Avipt · wall_segment Stone Wall x7 |
| 29:11 | Avipt · wall_segment Stone Wall x9 |
| 29:50 | Zain · wall_segment Stone Wall x12 |
| 30:26 | Shusai · wall_segment Stone Wall x6 |
| 30:28 | Shusai · wall_segment Stone Wall x9 |
| 30:48 | Shusai · wall_segment Stone Wall x4 |
| 30:50 | Shusai · wall_segment Stone Wall x4 |
| 30:51 | Zain · wall_segment Stone Wall x17 |
| 31:33 | Zain · age_up imperial |
| 31:42 | Brawling Toaster · age_up imperial |
| 32:19 | Zain · first_building Stable |
| 32:29 | CDLP_Themachine · wall_segment Palisade Wall x14 |
| 32:32 | CDLP_Themachine · wall_segment Palisade Wall x5 |
| 32:34 | Shusai · wall_segment Stone Wall x8 |
| 32:41 | Shusai · wall_segment Stone Wall x2 |
| 32:48 | TitaN · first_building Castle |
| 32:50 | Brawling Toaster · first_building Archery Range |
| 33:00 | CDLP_Themachine · wall_segment Palisade Wall x1 |
| 33:02 | CDLP_Themachine · wall_segment Palisade Wall x2 |
| 33:05 | CDLP_Themachine · wall_segment Palisade Wall x7 |
| 33:05 | Zé Gui · first_market_sell 100 food |
| 33:37 | CDLP_Themachine · wall_segment Palisade Wall x4 |
| 34:09 | CDLP_Themachine · wall_segment Palisade Wall x1 |
| 34:10 | CDLP_Themachine · wall_segment Palisade Wall x1 |
| 34:13 | CDLP_Themachine · wall_segment Palisade Wall x1 |
| 34:19 | Shusai · wall_segment Stone Wall x1 |
| 34:23 | CDLP_Themachine · wall_segment Palisade Wall x1 |
| 34:24 | CDLP_Themachine · wall_segment Palisade Wall x1 |
| 35:17 | TitaN · age_up imperial |
| 35:31 | CDLP_Themachine · age_up castle |
| 36:22 | Maximus · age_up imperial |
| 36:25 | CDLP_Themachine · first_building Monastery |
| 37:23 | Zé Gui · age_up imperial |
| 37:33 | Avipt · wall_segment Stone Wall x6 |
| 37:36 | Avipt · wall_segment Stone Wall x14 |
| 37:43 | Shusai · age_up imperial |
| 40:10 | Avipt · age_up imperial |
| 40:14 | Zé Gui · first_building Castle |
| 41:42 | CDLP_Themachine · first_building Castle |
| 43:42 | Brawling Toaster · first_building Siege Workshop |
| 47:13 | Shusai · resign |
[ AI ANALYSIS · 1 CREDIT ]
What really happened in this match?
Wolo.gg analyzes every decision: build order, eco, micro, common mistakes by bracket. Personalized analysis on WhatsApp or Discord in 30 seconds.
Civ guide
Jurchens
Perfil
Jugador #8487604